Map: Ruby Rock LE

Players

Elazer - Winner!

  • Race: Zerg Zerg
  • League: Master
  • Spawn Location: 11:00

Krystianer

  • Race: Protoss Protoss
  • League: Grandmaster
  • Spawn Location: 5:00

VOD

Have the link to the VOD?

Description

Time

  • Played on: Jan. 31, 2026, 10:16 a.m.
  • Length: 9:54
Show
View Real Time Build Order
Export as new Build Order

Elazer Zerg - Winner!

Build Orders: Hatch First 

Get SALT Encoding   

  12  0:00  Drone  
  13  0:08  Drone  
  14  0:15  Extractor, Drone  
  15  0:21  Overlord  
  15  0:39  Drone  
  16  0:45  Hatchery  
  16  0:49  Drone  
  16  0:52  Drone  
  16  0:56  Drone  
  18  1:06  Extractor  
  18  1:11  Spawning Pool  
  16  1:14  Drone  
  17  1:18  Drone  
  18  1:28  Drone  
  19  1:39  Drone  
  20  1:49  Drone  
  21  1:57  Queen x2  
  21  1:58  Zergling x2  
  21  2:00  Overlord  
  26  2:08  Drone  
  27  2:09  Drone  
  28  2:19  Drone x2  
  28  2:22  Metabolic Boost  
  30  2:33  Queen  
  32  2:40  Hatchery  
  31  2:44  Overlord  
  31  2:46  Zergling x2  
  31  2:50  Zergling x2  
  33  2:52  Zergling x2  
  33  2:53  Drone  
  33  2:55  Drone  
  36  3:06  Drone x5  
  36  3:08  Drone  
  36  3:12  Drone x2  
  44  3:22  Spore Crawler  
  44  3:23  Overlord  
  43  3:36  Drone  
  43  3:40  Queen  
  43  3:41  Queen, Drone x4  
  52  3:49  Overlord  
  52  3:52  Drone x4  
  56  3:58  Spore Crawler  
  56  3:59  Drone x2  
  56  4:02  Drone  
  58  4:10  Overlord  
  58  4:13  Drone x6  
  58  4:15  Drone x2  
  66  4:26  Overlord  
  66  4:28  Overlord  
  66  4:29  Drone x2  
  68  4:35  Roach Warren  
  68  4:38  Hatchery  
  66  4:40  Drone x5  
  66  4:43  Extractor  
  66  4:45  Extractor  
  69  4:47  Zergling x6  
  69  4:51  Zergling x12  
  78  4:56  Lair  
  78  5:01  Overlord, Zergling x4  
  80  5:10  Spore Crawler  
  80  5:13  Drone x6  
  82  5:20  Drone  
  82  5:21  Extractor, Drone  
  81  5:27  Overlord  
  81  5:28  Drone x6  
  87  5:37  Overlord  
  87  5:44  Roach x3  
  87  5:45  Pneumatized Carapace, Extractor  
  91  5:50  Roach  
  91  5:51  Roach x5  
  103  6:02  Overlord x3  
  103  6:03  Roach  
  103  6:04  Roach x5  
  115  6:06  Glial Reconstitution  
  115  6:14  Roach x2  
  115  6:18  Roach  
  119  6:21  Roach x5  
  119  6:24  Roach x2  
  133  6:35  Roach x5  
  133  6:37  Zergling x2  
  133  6:38  Overlord x2  
  144  6:44  Overlord  
  144  6:52  Zergling x4  
  140  6:57  Zergling x20  
  140  7:00  Ravager x6  
  156  7:04  Ravager  
  156  7:07  Zergling x12  
  155  7:18  Zergling x12  
  155  7:23  Queen x2, Overlord  
  155  7:29  Ravager x4  
  152  7:33  Zergling x10  
  150  7:40  Zergling x4, Ravager x2  
  150  7:41  Queen  
  150  7:43  Overlord  
  147  7:49  Roach x3  
  147  7:56  Roach x5  
  152  8:00  Ravager  
  146  8:09  Roach x4  
  144  8:18  Roach x4  
  146  8:20  Overlord  
  146  8:22  Overlord  
  142  8:27  Roach x4  
  142  8:31  Roach, Hatchery  
  141  8:37  Roach  
  141  8:38  Roach x2  
  138  8:42  Roach x2  
  138  8:45  Overlord  
  139  8:48  Roach  
  139  8:51  Roach x10  
  139  8:52  Zergling x2  
  139  8:53  Zergling x4  
  162  8:58  Overlord  
  162  9:04  Zergling x6  
  162  9:05  Overseer  
  162  9:07  Overlord  
  162  9:09  Spore Crawler  
  161  9:10  Spore Crawler x2  
  161  9:11  Spore Crawler, Overlord  
  161  9:12  Spore Crawler  
  161  9:14  Drone x2  
  162  9:20  Overlord  
  160  9:29  Roach x14  
  183  9:36  Overlord  
Show
View Real Time Build Order
Export as new Build Order

Krystianer Protoss 

Build Orders: 1 Gate Expand, Oracle Opening, Zealot Archon, Archon Drop 

Get SALT Encoding   

  12  0:00  Probe  
  13  0:12  Probe  
  14  0:19  Pylon  
  14  0:24  Probe  
  15  0:33  Probe  
  15  0:41  Gateway, Probe  
  16  0:46  Assimilator  
  17  0:51  Probe  
  18  1:03  Probe  
  19  1:16  Probe  
  20  1:24  Nexus  
  20  1:32  Cybernetics Core  
  20  1:35  Probe  
  20  1:39  Assimilator  
  21  1:47  Probe  
  21  1:50  Pylon  
  22  1:58  Adept  
  22  1:59  Probe  
  23  2:11  Probe  
  26  2:16  Stargate  
  26  2:23  Probe  
  26  2:28  Adept  
  29  2:30  Warp Gate  
  29  2:31  Probe  
  29  2:34  Probe  
  30  2:39  Probe  
  30  2:42  Probe  
  32  2:49  Probe  
  34  2:52  Probe, Oracle  
  35  3:02  Probe  
  35  3:04  Gateway  
  39  3:05  Probe  
  40  3:14  Probe  
  40  3:18  Probe, Pylon  
  42  3:20  Oracle  
  42  3:26  Probe  
  46  3:36  Probe  
  46  3:38  Probe  
  48  3:42  Nexus  
  48  3:48  Probe  
  49  3:50  Probe  
  49  3:53  Pylon  
  50  3:57  Assimilator  
  50  4:00  Probe  
  50  4:01  Assimilator  
  50  4:02  Probe  
  52  4:12  Probe  
  52  4:13  Twilight Council  
  52  4:14  Forge, Probe  
  54  4:19  Adept x2  
  58  4:24  Probe  
  58  4:25  Pylon  
  58  4:26  Probe  
  60  4:36  Probe  
  60  4:38  Robotics Facility, Probe  
  61  4:43  Adept x2  
  66  4:48  Probe  
  66  4:49  Probe  
  66  4:50  Protoss Ground Weapons Level 1  
  66  4:51  Probe  
  68  4:56  Probe  
  68  4:58  Probe  
  68  4:59  Probe  
  69  5:03  Gateway  
  69  5:04  Probe  
  69  5:05  Gateway  
  69  5:06  Probe  
  72  5:07  Templar Archives  
  72  5:08  Probe  
  71  5:15  Probe  
  71  5:16  Templar Archives  
  71  5:19  Warp Prism  
  71  5:21  Zealot x2, Probe  
  71  5:31  Probe  
  71  5:32  Assimilator  
  71  5:34  Probe, Assimilator  
  71  5:35  Probe  
  76  5:39  Pylon  
  76  5:44  Probe  
  76  5:47  Gateway  
  76  5:48  Gateway  
  77  5:51  High Templar x2  
  77  5:53  Probe  
  77  5:55  Shield Battery, Archon  
  82  5:58  Gateway  
  82  5:59  Gateway  
  82  6:05  Gateway x2  
  82  6:08  High Templar x2  
  86  6:11  Immortal  
  86  6:13  Gateway  
  86  6:16  Blink  
  90  6:21  Pylon  
  90  6:23  Archon  
  90  6:25  Pylon  
  90  6:28  Shield Battery  
  90  6:29  Shield Battery  
  90  6:30  Sentry  
  92  6:33  Photon Cannon  
  92  6:38  Pylon  
  92  6:43  Stalker  
  92  6:44  Stalker x2  
  98  6:47  Shield Battery  
  98  6:48  Stalker  
  95  6:54  Zealot x2  
  95  7:00  Stalker x2  
  100  7:07  Stalker x2  
  102  7:09  Stalker  
  102  7:12  Sentry x2  
  106  7:20  Stalker x2  
  106  7:21  Stalker  
  106  7:28  Stalker x2, Zealot  
  106  7:29  Probe  
  106  7:33  Zealot  
  101  7:40  Stalker x3  
  97  7:46  Zealot x2  
  97  7:51  Zealot x4  
  94  7:53  Probe  
  94  7:54  Probe x2  
  92  8:05  Probe  
  88  8:06  Probe  
  88  8:08  Zealot x4  
  86  8:17  Probe  
  79  8:30  Stalker x5  
  85  8:36  Stalker  
  76  8:54  Stalker x2  
  80  8:58  Nexus  
  80  8:59  High Templar x2  
  84  9:04  Archon  
  84  9:13  Stalker x2  
  85  9:19  Pylon  
  84  9:30  Stalker x4  
  84  9:31  Probe  
  84  9:33  Probe  
  82  9:42  Stalker  
Tags
 
Add a new tag
Caveats
  • Supply blocks, unpowered buildings, or Contaminate may cause inaccurate times.
  • Supply counts are checked every 10 seconds.